 Dungeon Crawl Stone Soup version 0.30-a0-364-gf6b3ef1049 (webtiles) character file.

Game seed: 3958208509240917510

254200 Devinter the Spry (level 20, -13/127 HPs)
             Began as a Kobold Enchanter on Nov 15, 2022.
             Was the Champion of Fedhas.
             Killed from afar by a blizzard demon (38 damage)
             ... with a bolt of lightning
             ... on level 2 of the Depths on Nov 16, 2022.
             The game lasted 04:55:25 (34381 turns).

Devinter the Spry (Kobold Enchanter)               Turns: 34381, Time: 04:55:25

Health: -13/127    AC: 15    Str: 15    XL:     20   Next: 54%
Magic:  14/34      EV: 31    Int: 26    God:    Fedhas [******]
Gold:   1750       SH: 11    Dex: 24    Spells: 5/40 levels left

rFire   + + +      SeeInvis .    W - +12 rapier "Mokar" {vorpal, Dex+2}
rCold   x . .      Faith    .    r - +2 buckler {rPois}
rNeg    . . .      Spirit   .    G - +3 salamander hide armour {Flames rF++ rC--}
rPois   +          Reflect  .    y - +2 hat
rElec   .          Harm     .    Z - +2 cloak {Stlth+}
rCorr   .          Rampage  .    m - +0 pair of gloves of Resilience {rF+}
Will    +++..                    M - +1 pair of boots "Noneluef" {+Inv Int+5}
Stlth   ++++......               T - amulet of regeneration
HPRegen 1.21/turn                S - ring of protection from cold
MPRegen 0.24/turn                f - ring of Jijinegg {Will+ Str+6 Int+4}

@: very slow
A: small, no large weapons, nightstalker 3, horns 1, strong-willed 1, strong 1
}: 2/15 runes: decaying, serpentine
a: Renounce Religion, Evoke Invisibility, Wall of Briars, Grow Ballistomycete,
Overgrow, Grow Oklob


You were on level 2 of the Depths.
You worshipped Fedhas.
Fedhas was exalted by your worship.
You visited 7 branches of the dungeon, and saw 33 of its levels.
You also visited: Ossuary and Bailey.

You collected 4692 gold pieces.
You spent 2942 gold pieces at shops.

Inventory:

Hand Weapons
 F - a +9 vampiric quick blade
 W - the +12 rapier "Mokar" (weapon) {vorpal, Dex+2}
   (You acquired it in a bailey)

   It inflicts extra damage upon your enemies.
   Dex:       It affects your dexterity (+2).
Missiles
 l - 32 poisoned darts
 w - 8 curare-tipped darts
Armour
 m - the +0 pair of gloves of Resilience (worn) {rF+}
   (You took it off Nikola on level 4 of the Snake Pit)

   rF:        It protects you from fire.
 r - a +2 buckler of poison resistance (worn)
 s - a +0 kite shield of cold resistance
 y - a +2 hat (worn)
 G - the +3 salamander hide armour (worn) {Flames rF++ rC--}
   (You found it on level 5 of the Lair of Beasts)

   It surrounds you with a cloud of flames.
   It grants immunity to clouds of flame.
   It enhances your fire magic.
   rF:        It greatly protects you from fire.
   rC:        It makes you very vulnerable to cold.
 M - the +1 pair of boots "Noneluef" (worn) {+Inv Int+5}
   (You found it on level 3 of the Swamp)

   Int:       It affects your intelligence (+5).
   +Inv:      It lets you turn invisible.
 Z - a +2 cloak of stealth (worn)
Jewellery
 f - the ring of Jijinegg (right hand) {Will+ Str+6 Int+4}
   (You bought it in a shop on level 2 of the Orcish Mines)

   [ring of strength]

   Str:       It affects your strength (+6).
   Int:       It affects your intelligence (+4).
   Will:      It increases your willpower.
 n - a ring of see invisible
 v - a ring of protection from cold
 Q - the amulet of Ukhlegeocw {RegenMP Harm Dex+2}
   (You found it on level 2 of the Lair of Beasts)

   [amulet of magic regeneration]

   It increases your rate of magic regeneration.
   Dex:       It affects your dexterity (+2).
   Harm:      It increases damage dealt and taken.
 R - a ring of poison resistance
 S - a ring of protection from cold (left hand)
 T - an amulet of regeneration (around neck)
Wands
 b - a wand of charming (16)
 d - a wand of roots (27)
 K - a wand of digging (11)
 L - a wand of quicksilver (6)
 N - a wand of flame (92) (quivered)
 Y - a wand of mindburst (31)
Scrolls
 g - 6 scrolls of teleportation
 j - 11 scrolls of fear
 k - a scroll of summoning
 o - 6 scrolls of fog
 q - 5 scrolls of amnesia
 t - 9 scrolls of silence
 z - 4 scrolls of enchant armour
 D - 10 scrolls of magic mapping
 I - 5 scrolls of vulnerability
 J - 10 scrolls of blinking
 V - 5 scrolls of poison
Potions
 c - 3 potions of invisibility
 e - 2 potions of berserk rage
 h - 5 potions of might
 p - 8 potions of curing
 u - 6 potions of mutation
 x - 3 potions of ambrosia
 A - 4 potions of brilliance
 B - 4 potions of haste
 C - 4 potions of flight
 E - 6 potions of magic
 H - 5 potions of resistance
 P - 9 potions of heal wounds
 X - 4 potions of cancellation
Miscellaneous
 i - a box of beasts
 O - a phantom mirror
 U - a phial of floods


   Skills:
 - Level 14.0 Fighting
 - Level 16.0 Short Blades
 - Level 5.0 Armour
 - Level 18.0 Dodging
 - Level 14.0 Stealth
 - Level 10.0 Shields
 + Level 10.8 Spellcasting
 - Level 8.0 Conjurations
 - Level 8.0 Hexes
 - Level 1.0 Summonings
 - Level 8.0 Fire Magic
 - Level 8.0 Ice Magic
 - Level 3.0 Air Magic
 - Level 3.0 Poison Magic
 + Level 12.8 Invocations


You had 5 spell levels left.
You knew the following spells:

 Your Spells              Type           Power      Damage    Failure   Level
a - Ensorcelled Hibernat  Hex/Ice        100%       N/A       1%          2
b - Mephitic Cloud        Conj/Pois/Air  38%        N/A       3%          3
c - Dazzling Flash        Conj/Hex       100%       N/A       1%          3
d - Poisonous Vapours     Pois/Air       58%        N/A       3%          2
e - Fireball              Conj/Fire      35%        3d15      7%          5
f - Swiftness             Air            29%        N/A       6%          3
g - Frozen Ramparts       Ice            100%       1d16      1%          3
h - Cause Fear            Hex            27%        N/A       2%          4
i - Leda's Liquefaction   Hex/Erth       17%        N/A       13%         4
j - Starburst             Conj/Fire      35%        6d10      36%         6

Your spell library contained the following spells:

 Spells                   Type           Power      Damage    Failure   Level
 Foxfire                  Conj/Fire      100%       2x1d9     1%          1
 Kiss of Death            Conj/Necr      100%       2d13      1%          1
 Magic Dart               Conj           100%       1d8       1%          1
 Shock                    Conj/Air       100%       1d9       1%          1
 Confusing Touch          Hex            54%        N/A       1%          3
 Hailstorm                Conj/Ice       54%        3d12      1%          3
 Tukima's Dance           Hex            54%        N/A       1%          3
 Cigotuvi's Dreadful Rot  Necr/Pois/Air  48%        N/A       4%          2
 Call Imp                 Summ           19%        N/A       7%          2
 Passwall                 Tmut/Erth      11%        N/A       11%         2
 Summon Ice Beast         Ice/Summ       37%        N/A       11%         4
 Anguish                  Hex/Necr       17%        N/A       13%         4
 Ice Form                 Ice/Tmut       34%        N/A       13%         4
 Gell's Gravitas          Tloc           14%        N/A       21%         3
 Lesser Beckoning         Tloc           28%        N/A       21%         3
 Teleport Other           Tloc           14%        N/A       21%         3
 Airstrike                Air            14%        2d(3-19)  21%         4
 Lightning Bolt           Conj/Air       21%        1d36      21%         5
 Silence                  Hex/Air        21%        N/A       21%         5
 Summon Lightning Spire   Summ/Air       24%        N/A       30%         4
 Dispel Undead            Necr           14%        3d10      56%         4
 Agony                    Necr           14%        N/A       88%         5
 Lee's Rapid Deconstruct  Erth           7%         3d6*      88%         5
 Simulacrum               Ice/Necr       17%        N/A       90%         6
 Enfeeble                 Hex            27%        N/A       91%         7
 Dispersal                Tloc           7%         N/A       100%        6
 Statue Form              Tmut/Erth      9%         N/A       100%        6
 Dragon Form              Tmut           7%         N/A       100%        7
 Dragon's Call            Summ           9%         N/A       100%        9


Dungeon Overview and Level Annotations

Branches:
Dungeon (15/15)            Temple (1/1) D:6            Lair (5/5) D:8
  Swamp (4/4) Lair:2        Snake (4/4) Lair:3        Slime (0/5) Lair:5
    Orc (2/2) D:11            Elf (0/3) Orc:2        Vaults (0/5) D:13
 Depths (2/4) D:15        Ossuary (visited)          Bailey (visited)

Altars:
Dithmenos
Elyvilon
Fedhas
Hepliaklqana
Kikubaaqudgha
Okawaru
Ru
Trog
Xom
Yredelemnul
Jiyva

Shops:
Orc:2 :(*=![[   Snake:2 ([:   Snake:3 *[

Portals:
Hell: Depths:1
Ziggurat: Depths:1
Trove: D:12 (give +5 demon whip)

Annotations:
D:5 Ijyb
D:6 3 runed translucent doors, highc0's ghost, novice TeAE
D:7 Electric Eel, exclusion: door
D:9 2 transporters, Bnni's ghost, journeyman FoFi
Temple Trove N> +5 Demon Whip
Snake:2 4 transporters
Depths:1 Ziggurat


Innate Abilities, Weirdness & Mutations

You are small and have problems with some larger weapons.
You are completely attuned to the shadows.
You have a pair of small horns on your head.
You are strong-willed. (Will+)
Your muscles are strong. (Str +4, Int/Dex -1)


Message History

A deep elf high priest comes into view. It is wielding a +0 short sword.
The skeletal warrior hits you from afar with a +0 glaive.
* * * LOW HITPOINT WARNING * * *
The spriggan defender is engulfed in blazing flames.
You block the spriggan defender's attack.
The spriggan rider completely misses you.
You miss the spriggan defender.
Your headbutt misses the spriggan defender.
The spriggan defender is lightly wounded.
The spriggan defender is engulfed in blazing flames.
The spriggan defender completely misses you.
You block the skeletal warrior's attack.
You catch the helpless spriggan defender completely off-guard!
You stick the spriggan defender like a pincushion!!!
You kill the spriggan defender!
Fedhas appreciates your contribution to the ecosystem.
The spriggan rider hits you from afar with a +0 spear!
* * * LOW HITPOINT WARNING * * *
As you read the scroll of teleportation, it crumbles to dust.
You feel strangely unstable.
You block the skeletal warrior's attack.
The spriggan rider hits you from afar with a +0 spear!
* * * LOW HITPOINT WARNING * * *
A briar patch grows up from the ground. x2
You block the skeletal warrior's attack.
The spriggan rider hits you but does no damage.
The skeletal warrior hits you from afar with a +0 glaive!
* * * LOW HITPOINT WARNING * * *
The spriggan rider completely misses you.
Your surroundings suddenly seem different.
Splash!
You fall into the shallow water.
Moving in this stuff is going to be slow.
An ettin simulacrum and a blizzard demon come into view.
Found a shimmering altar of Xom.
You hear a shout!
You hear two shouts!
You hear a shout!
The blizzard demon gestures at you. The bolt of lightning hits you!!!
You die...
Fedhas appreciates your contribution to the ecosystem.

......~2~
...~.....
#####..~~....
#P.P#...~....
..iiPP'...@~...
..i.i.''...~...
.......'...~...
.......##..Z...
... #...._.
##### ...
##...###..
##......#''
####.........'
☼.............


You could see a blizzard demon and an ettin simulacrum.

Vanquished Creatures
  Vashnia (Snake:2)
  Bai Suzhen (Snake:3)
  Nikola (Snake:4)
  the Enchantress (Depths:1)
  Rupert (D:12)
  Jorgrun (Orc:1)
  Asterion (Snake:3)
  The ghost of Taiq the Ogre Mage, an adept OgIE of Vehumet (Snake:1)
  Kirke (Snake:2)
  2 fire giants (Depths:1)
  7 nagarajas
  A frost giant (Depths:2)
  2 fenstrider witches
  An azure jelly (Swamp:4)
  Aizul (Snake:1)
  An iron dragon (Depths:1)
  Louise (Snake:3)
  2 very ugly things (Depths:1)
  A reaper (Depths:2)
  4 spriggan defenders
  An orc warlord (Orc:2)
  4 stone giants (Depths:1)
  A war gargoyle (Depths:2)
  Nessos (Orc:2)
  3 eleionomae
  Azrael (D:12)
  3 bunyips
  5 fire dragons
  Snorg (D:12)
  An ettin (Depths:1)
  Fannar (D:11)
  A deep elf high priest (Depths:2)
  5 salamander tyrants
  A vault guard (D:12)
  A hell beast (Depths:1)
  15 hydras
  A ghost crab (Swamp:4)
  2 spriggan air magi
  6 ice dragons
  A death knight (D:13)
  3 boulder beetles
  2 centaur warriors
  7 anacondas
  14 alligators
  2 catoblepae
  5 death yaks (Lair:5)
  A two-headed ogre (D:11)
  A hell hog (Depths:1)
  3 deep troll shamans (Depths:1)
  17 naga warriors
  A death scarab (Depths:1)
  7 tengu warriors
  2 orc high priests (Orc:2)
  A two-headed ogre (shapeshifter) (D:15)
  A spriggan berserker (Depths:1)
  6 hell knights (Depths:1)
  7 shock serpents
  6 deep troll earth magi
  12 naga sharpshooters
  6 iron trolls
  Sonja (D:11)
  11 spriggans
  3 soul eaters (Depths:2)
  3 goliath frogs (Swamp:1)
  3 salamander mystics
  A skeletal warrior (Depths:2)
  3 spriggan druids
  A lindwurm (Lair:5)
  7 bog bodies
  6 swamp dragons
  9 deep trolls
  A naga ritualist (Snake:4)
  2 phantasmal warriors (Depths:2)
  A necromancer (Depths:1)
  A wizard (D:15)
  2 deep elf pyromancers
  Pikel (D:7)
  8 orc knights
  13 ugly things
  2 wolf spiders (Lair:4)
  3 mana vipers
  6 orc sorcerers
  3 will-o-the-wisps
  22 salamanders
  9 cyclopes
  5 manticores
  4 guardian serpents
  Maurice (D:12)
  Joseph (D:7)
  7 elephants
  2 gargoyles (D:13)
  28 black mambas
  18 naga magi
  3 molten gargoyles (Lair:5)
  13 cane toads
  A torpor snail (Lair:5)
  An unseen horror (D:10)
  9 komodo dragons
  4 rime drakes
  2 kobold demonologists (Bailey)
  A tengu conjurer (Depths:1)
  6 freezing wraiths
  A bloated husk (Swamp:3)
  A polar bear (Lair:3)
  6 trolls
  7 hornets
  7 tyrant leeches
  Grinder (D:4)
  Prince Ribbit (D:9)
  3 blink frogs (Lair:2)
  10 slime creatures
  2 shadows
  6 wyverns
  3 wraiths
  22 yaks
  4 basilisks
  2 fire elementals (D:12)
  2 hogs (Snake:2)
  A golden eye (shapeshifter) (D:13)
  4 swamp worm simulacra (Swamp:4)
  7 vampire mosquitoes
  5 steam dragons
  2 wargs (Orc:1)
  64 nagas
  13 swamp worms
  7 hell hounds
  13 hydra simulacra (Swamp:4)
  15 water moccasins
  2 black bears
  43 orc warriors
  An ettin simulacrum (Depths:2)
  5 ice beasts
  3 swamp drakes
  41 wolves
  2 ogres (Orc:2)
  11 centaurs
  4 phantoms
  3 kobold brigands
  9 bullfrogs
  A scorpion (D:6)
  14 wights
  The ghost of Birkin the Covered, a weakling MiFi (D:3)
  A killer bee (D:10)
  11 howler monkeys
  3 electric eels
  5 lava snakes (Lair:5)
  8 hounds
  17 orc priests
  A gnoll bouda (D:9)
  25 orc wizards
  11 hell rats (Lair:5)
  2 mummies (Ossuary)
  Robin (D:4)
  16 gnolls
  5 adders
  A white imp (D:5)
  4 swamp drake simulacra (Swamp:4)
  An ufetubus (D:3)
  An adder zombie (Ossuary)
  A dart slug (D:1)
  79 orcs
  6 ball pythons
  2 bats (D:2)
  10 endoplasms
  2 giant cockroaches
  20 goblins
  21 hobgoblins
  10 jackals
  13 kobolds
  4 quokkas
  2 frilled lizards
  4 goblin zombies (Ossuary)
  4 hobgoblin zombies (Ossuary)
  2 kobold zombies (Ossuary)
  3 quokka zombies (Ossuary)
  8 rats
  2 rat zombies (Ossuary)
1074 creatures vanquished.

Vanquished Creatures (collateral kills)
  A lich (Depths:1)
  An ancient champion (Depths:1)
  A tengu reaver (Depths:1)
  A fenstrider witch (Swamp:2)
  A spriggan defender (Depths:1)
  A stone giant (Depths:1)
  2 hydras
  A naga sharpshooter (Snake:4)
  2 tengu warriors (Depths:1)
  A spriggan berserker (Depths:1)
  2 spriggans (Swamp:3)
  A will-o-the-wisp (Swamp:3)
  A cane toad (Lair:5)
  A tengu conjurer (Depths:2)
  A tyrant leech (Swamp:3)
  2 hornets (Swamp:3)
  2 yaks (Lair:5)
  A basilisk (Lair:5)
  A vampire mosquito (Swamp:2)
  An elf zombie (Ossuary)
  A necrophage (D:4)
  4 wights
  A mummy (Ossuary)
  A gnoll (Bailey)
  A white imp (D:5)
  An orc (Bailey)
  3 goblins (Bailey)
  A hobgoblin (Bailey)
  A kobold zombie (Ossuary)
39 creatures vanquished.

Vanquished Creatures (others)
  A shambling mangrove (Swamp:4)
  2 hydras (Swamp:4)
  2 tengu warriors (Depths:2)
  A naga ritualist (Snake:4)
  An efreet (D:15)
  A bloated husk (Swamp:2)
  A human (Snake:2)
  4 vampire mosquitoes (Swamp:4)
  An ettin simulacrum (Depths:2)
  A hound (D:7)
  3 orcs
  12 foxfires
  42 fungi
  62 plants
134 creatures vanquished.

Grand Total: 1247 creatures vanquished

Notes
Turn   | Place    | Note
-------+----------+-------------------------------------------
     0 | D:1      | Devinter the Kobold Enchanter began the quest for the Orb.
     0 | D:1      | Reached XP level 1. HP: 10/10 MP: 3/3
   105 | D:1      | Reached XP level 2. HP: 15/15 MP: 5/5
   356 | D:1      | Learned a level 2 spell: Ensorcelled Hibernation
   411 | D:1      | Reached skill level 2 in Short Blades
   517 | D:1      | Reached XP level 3. HP: 19/19 MP: 6/6
   589 | D:1      | Reached skill level 1 in Ice Magic
   603 | D:1      | Reached skill level 3 in Dodging
   915 | D:1      | Found a faded altar of an unknown god.
   918 | D:1      | Prayed at the altar of an unknown god.
   918 | D:1      | Became a worshipper of Fedhas Madash
   918 | D:1      | Reached * piety under Fedhas
  1124 | D:2      | Reached XP level 4. HP: 24/24 MP: 4/8
  1672 | D:3      | Reached ** piety under Fedhas
  1760 | D:3      | Reached skill level 1 in Invocations
  1803 | D:3      | HP: 1/24 [gnoll/+0 club (5)]
  1886 | D:3      | Reached XP level 5. HP: 23/28 MP: 9/9
  1972 | D:3      | Found a runed translucent door.
  2041 | D:3      | Reached skill level 5 in Stealth
  2050 | D:3      | Reached skill level 1 in Air Magic
  2073 | D:3      | Noticed Birkin's ghost (weakling MiFi)
  2134 | D:3      | Reached skill level 3 in Spellcasting
  2134 | D:3      | Reached skill level 1 in Conjurations
  2138 | D:3      | Reached skill level 1 in Poison Magic
  2196 | D:2      | Reached skill level 2 in Ice Magic
  2201 | D:2      | Learned a level 3 spell: Mephitic Cloud
  2316 | D:3      | Learned a level 3 spell: Dazzling Flash
  2485 | D:3      | Gained mutation: You are frail. (-10% HP) [potion of
                  | mutation]
  2485 | D:3      | Gained mutation: You have a pair of small horns on your
                  | head. [potion of mutation]
  2488 | D:3      | Killed Birkin's ghost
  2489 | D:3      | Reached XP level 6. HP: 18/28 MP: 10/10
  2882 | D:4      | Found a sand-covered staircase.
  2888 | Ossuary  | Entered an ossuary
  2909 | Ossuary  | Reached skill level 2 in Invocations
  3262 | D:4      | Noticed Grinder
  3308 | D:3      | Reached *** piety under Fedhas
  3309 | D:3      | Reached skill level 3 in Short Blades
  3355 | D:3      | Reached XP level 7. HP: 12/32 MP: 12/12
  3484 | D:4      | Reached skill level 6 in Stealth
  3624 | D:4      | Noticed Robin
  3643 | D:4      | Killed Robin
  3775 | D:4      | Learned a level 2 spell: Poisonous Vapours
  3778 | D:4      | Learned a level 2 spell: Call Imp
  3909 | D:4      | Reached skill level 3 in Ice Magic
  4011 | D:4      | Paralysed by Grinder for 5 turns
  4030 | D:4      | Paralysed by Grinder for 5 turns
  4172 | D:5      | Entered Level 5 of the Dungeon
  4217 | D:5      | Reached skill level 3 in Invocations
  4229 | D:5      | Reached skill level 4 in Spellcasting
  4284 | D:5      | Reached skill level 4 in Short Blades
  4284 | D:5      | Reached skill level 1 in Summonings
  4284 | D:5      | Reached XP level 8. HP: 36/36 MP: 14/14
  4351 | D:5      | Found an iron altar of Okawaru.
  4795 | D:5      | HP: 2/35 [orc priest/divine providence (13)]
  4945 | D:4      | Killed Grinder
  4946 | D:4      | Reached skill level 5 in Short Blades
  4946 | D:4      | Reached skill level 7 in Stealth
  4946 | D:4      | Reached skill level 5 in Spellcasting
  4946 | D:4      | Reached skill level 4 in Invocations
  5203 | D:5      | Noticed Ijyb
  5381 | D:5      | Found the +1 Delatra's gloves {ID++}
  5924 | D:6      | Reached skill level 2 in Air Magic
  5924 | D:6      | Reached XP level 9. HP: 40/40 MP: 13/16
  5926 | D:6      | Reached skill level 2 in Conjurations
  5926 | D:6      | Reached skill level 2 in Poison Magic
  5940 | D:6      | Reached skill level 8 in Stealth
  6056 | D:6      | Found a staircase to the Ecumenical Temple.
  6062 | Temple   | Entered the Ecumenical Temple
  6132 | D:6      | Noticed highc0's ghost (novice TeAE)
  6134 | D:6      | Reached skill level 5 in Invocations
  6172 | D:6      | Reached skill level 1 in Fighting
  6404 | D:6      | Reached skill level 2 in Fighting
  6404 | D:6      | Reached skill level 4 in Dodging
  6642 | D:6      | Reached **** piety under Fedhas
  6755 | D:6      | Found a runed translucent gate.
  6761 | D:6      | Found a runed translucent gate.
  6762 | D:6      | Found a runed translucent gate.
  6972 | D:6      | Reached skill level 9 in Stealth
  7087 | D:6      | Reached skill level 3 in Fighting
  7167 | D:7      | Noticed Pikel
  7332 | D:7      | Reached skill level 5 in Dodging
  7332 | D:7      | Reached skill level 6 in Spellcasting
  7386 | D:7      | Reached skill level 4 in Fighting
  7558 | D:7      | Reached XP level 10. HP: 50/50 MP: 16/19
  7682 | D:7      | Noticed Joseph
  7740 | D:7      | Killed Joseph
  7741 | D:7      | Reached skill level 10 in Stealth
  7746 | D:7      | Killed Pikel
  7747 | D:7      | Reached skill level 5 in Fighting
  7747 | D:7      | Reached skill level 7 in Spellcasting
  7747 | D:7      | Reached skill level 3 in Conjurations
  7747 | D:7      | Reached skill level 3 in Air Magic
  7747 | D:7      | Reached skill level 3 in Poison Magic
  8259 | D:8      | HP: 4/48 [wight/+3 mace (1)]
  8625 | D:8      | Found a staircase to the Lair.
  9069 | D:9      | Found a flagged portal.
  9083 | D:9      | Identified the +3 hand axe of Ofiozo Mibucs {venom, rF+ rN+
                  | rCorr}
  9090 | Bailey   | Entered a bailey
  9195 | Bailey   | Reached skill level 6 in Short Blades
  9269 | Bailey   | Reached skill level 6 in Dodging
  9318 | Bailey   | Noticed a kobold demonologist
  9322 | Bailey   | Killed a kobold demonologist
  9323 | Bailey   | Reached skill level 6 in Invocations
  9395 | Bailey   | Noticed an orc knight
  9398 | Bailey   | Reached ***** piety under Fedhas
  9399 | Bailey   | Reached XP level 11. HP: 56/56 MP: 21/21
  9400 | Bailey   | Killed an orc knight
  9401 | Bailey   | Reached skill level 11 in Stealth
  9573 | Bailey   | Noticed an orc knight
  9580 | Bailey   | Killed an orc knight
  9581 | Bailey   | Reached skill level 7 in Short Blades
  9584 | Bailey   | Reached skill level 7 in Dodging
  9640 | Bailey   | Acquired 1159 gold pieces
  9707 | Bailey   | Found an iron altar of Okawaru.
  9718 | Bailey   | Reached skill level 7 in Invocations
  9739 | Bailey   | Identified the +3 long sword of Vanity {venom, rElec rCorr}
  9762 | Bailey   | Acquired the +12 rapier "Mokar" {vorpal, Dex+2}
 10063 | D:9      | Found a blossoming altar of Fedhas.
 10063 | D:9      | Found a bloodstained altar of Trog.
 10108 | D:9      | Found an ancient bone altar of Kikubaaqudgha.
 10114 | D:9      | Found a shadowy altar of Dithmenos.
 10118 | D:9      | Found a white marble altar of Elyvilon.
 10121 | D:9      | Found a shimmering altar of Xom.
 10324 | D:9      | Noticed Prince Ribbit
 10328 | D:9      | Killed Prince Ribbit
 10329 | D:9      | Reached skill level 8 in Short Blades
 10335 | D:9      | Reached skill level 12 in Stealth
 10368 | D:9      | Learned a level 3 spell: Swiftness
 10628 | D:9      | Found a transporter.
 10629 | D:9      | Noticed Bnni's ghost (journeyman FoFi)
 10649 | D:9      | Found a transporter.
 10745 | D:10     | Entered Level 10 of the Dungeon
 10908 | D:10     | Got Sif Muna's Lectures on Variable Superposition
 11009 | D:10     | Reached skill level 8 in Dodging
 11279 | D:10     | Learned a level 3 spell: Frozen Ramparts
 11389 | D:11     | Found a staircase to the Orcish Mines.
 11402 | D:11     | Noticed Sonja
 11407 | D:11     | Killed Sonja
 11408 | D:11     | Reached skill level 6 in Fighting
 11527 | D:11     | Noticed Fannar
 11530 | D:11     | Killed Fannar
 11531 | D:11     | Reached skill level 9 in Short Blades
 11531 | D:11     | Reached skill level 8 in Invocations
 11531 | D:11     | Reached XP level 12. HP: 63/63 MP: 22/22
 11707 | D:11     | Noticed a two-headed ogre
 11713 | D:11     | Killed a two-headed ogre
 11714 | D:11     | Reached skill level 9 in Dodging
 11912 | D:11     | Reached skill level 7 in Fighting
 11963 | D:11     | Reached ****** piety under Fedhas
 12120 | Orc:1    | Entered Level 1 of the Orcish Mines
 12172 | Orc:2    | Entered Level 2 of the Orcish Mines
 12219 | Orc:2    | Noticed an orc warlord
 12312 | Lair:1   | Entered Level 1 of the Lair of Beasts
 12374 | Lair:1   | Reached skill level 10 in Short Blades
 12538 | Lair:1   | Reached skill level 9 in Invocations
 12714 | Lair:1   | Acquired a +3 quick blade of venom
 13183 | Lair:2   | Found a staircase to the Swamp.
 13303 | Lair:2   | Reached skill level 4 in Hexes
 13332 | Lair:2   | Identified the +1 leather armour "Pefofos" {rCorr Int+2
                  | Dex-3}
 13368 | Lair:2   | Reached skill level 4 in Ice Magic
 13576 | Lair:2   | Identified the amulet of Ukhlegeocw {RegenMP Harm Dex+2}
 13894 | Lair:2   | Reached skill level 8 in Fighting
 13894 | Lair:2   | Reached XP level 13. HP: 70/70 MP: 15/23
 13991 | Lair:3   | Reached skill level 10 in Dodging
 14039 | Lair:3   | Lost mutation: You have a pair of small horns on your head.
                  | [potion of mutation]
 14039 | Lair:3   | Lost mutation: You are frail. (-10% HP) [potion of
                  | mutation]
 14039 | Lair:3   | Gained mutation: You are strong-willed. (Will+) [potion of
                  | mutation]
 14039 | Lair:3   | Gained mutation: Your muscles are strong. (Str +4, Int/Dex
                  | -1) [potion of mutation]
 14039 | Lair:3   | Gained mutation: You have a pair of small horns on your
                  | head. [potion of mutation]
 14270 | Lair:3   | Noticed a five-headed hydra
 14274 | Lair:3   | Killed a five-headed hydra
 14275 | Lair:3   | Reached skill level 11 in Short Blades
 14367 | Lair:3   | Reached skill level 5 in Hexes
 14385 | Lair:3   | Noticed a catoblepas
 14393 | Lair:3   | Killed a catoblepas
 14394 | Lair:3   | Reached skill level 5 in Ice Magic
 14681 | Lair:3   | Found a staircase to the Snake Pit.
 14826 | Lair:4   | Noticed a catoblepas
 14830 | Lair:4   | Killed a catoblepas
 14831 | Lair:4   | Reached skill level 10 in Invocations
 14866 | Lair:4   | Found a blossoming altar of Fedhas.
 14993 | Lair:4   | Identified the +1 helmet of Midnight {rPois}
 15023 | Lair:4   | Reached skill level 9 in Fighting
 15073 | Lair:4   | Noticed a four-headed hydra
 15076 | Lair:4   | Killed a four-headed hydra
 15077 | Lair:4   | Reached skill level 12 in Short Blades
 15273 | Lair:4   | Noticed a five-headed hydra
 15281 | Lair:4   | Killed a five-headed hydra
 15483 | Lair:4   | Reached skill level 8 in Spellcasting
 15927 | Lair:5   | Entered Level 5 of the Lair of Beasts
 15932 | Lair:5   | Noticed an eight-headed hydra
 15936 | Lair:5   | Killed an eight-headed hydra
 15937 | Lair:5   | Reached skill level 10 in Fighting
 15947 | Lair:5   | Learned a level 4 spell: Cause Fear
 15991 | Lair:5   | Reached skill level 13 in Short Blades
 15991 | Lair:5   | Reached XP level 14. HP: 64/88 MP: 22/26
 16075 | Lair:5   | Reached skill level 9 in Spellcasting
 16095 | Lair:5   | Reached skill level 14 in Short Blades
 16178 | Lair:5   | Found the +15 Maxwell's patent armour {-Cast -Tele rElec
                  | Will+ rCorr}
 16291 | Lair:5   | Reached skill level 10 in Spellcasting
 16500 | Lair:5   | Found a viscous altar of Jiyva.
 16516 | Lair:5   | Found a staircase to the Slime Pits.
 16952 | Lair:5   | Reached skill level 13 in Stealth
 17041 | Lair:5   | Found a large runed translucent door.
 17042 | Lair:5   | Found a large runed translucent door.
 17055 | Lair:5   | Found the +3 salamander hide armour {Flames rF++ rC--}
 17475 | Orc:2    | Killed an orc warlord
 17476 | Orc:2    | Reached skill level 11 in Dodging
 17543 | Orc:2    | Found Jingih's Jewellery Shoppe.
 17565 | Orc:2    | Found Taudush's Antique Weapon Emporium.
 17580 | Orc:2    | Reached skill level 11 in Invocations
 17580 | Orc:2    | Reached XP level 15. HP: 91/92 MP: 26/29
 17592 | Orc:2    | Noticed Nessos
 17595 | Orc:2    | Reached skill level 6 in Ice Magic
 17603 | Orc:2    | Reached skill level 6 in Hexes
 17615 | Orc:2    | Killed Nessos
 17797 | Orc:2    | Found a staircase to the Elven Halls.
 17822 | Orc:2    | Found Myczop's Book Shop.
 17871 | Orc:1    | Noticed Jorgrun
 17881 | Orc:1    | Killed Jorgrun
 18425 | Orc:1    | Reached skill level 14 in Stealth
 18627 | Orc:2    | Bought the ring of Jijinegg {Will+ Str+6 Int+4} for 1026
                  | gold pieces
 18778 | Orc:2    | Found Veoxzot's Antique Armour Emporium.
 18791 | Orc:2    | Bought a distressingly furry scale mail for 234 gold pieces
 18791 | Orc:2    | Identified the +8 scale mail "Fiplucw" {Dex+3} (You bought
                  | it in a shop on level 2 of the Orcish Mines)
 18795 | Orc:2    | Found Xuloeh's Distillery.
 18814 | Orc:2    | Bought a potion of resistance for 120 gold pieces
 18814 | Orc:2    | Bought a potion of curing for 36 gold pieces
 18814 | Orc:2    | Bought a potion of might for 48 gold pieces
 18814 | Orc:2    | Bought a potion of magic for 96 gold pieces
 18814 | Orc:2    | Bought 2 potions of heal wounds for 120 gold pieces
 18814 | Orc:2    | Bought 2 potions of heal wounds for 120 gold pieces
 18829 | Orc:2    | Found Sudihas's Antique Armour Shoppe.
 18844 | Orc:2    | Found Potuwy's General Store.
 18849 | Orc:2    | Bought 3 scrolls of blinking for 382 gold pieces
 18849 | Orc:2    | Bought a potion of ambrosia for 136 gold pieces
 18849 | Orc:2    | Bought a potion of heal wounds for 85 gold pieces
 18849 | Orc:2    | Bought a potion of curing for 51 gold pieces
 19086 | D:12     | Noticed Azrael
 19090 | D:12     | Noticed Snorg
 19100 | D:12     | Killed Snorg
 19114 | D:12     | Killed Azrael
 19115 | D:12     | Reached skill level 7 in Ice Magic
 19292 | D:12     | Reached skill level 12 in Dodging
 19292 | D:12     | Reached skill level 7 in Hexes
 19346 | D:12     | Found a portal to a secret trove of treasure.
 19504 | D:12     | You fall into a shaft and drop 3 floors!
 19504 | D:15     | Entered Level 15 of the Dungeon
 19658 | D:15     | Reached skill level 12 in Invocations
 20014 | D:13     | Reached skill level 8 in Hexes
 20014 | D:13     | Reached skill level 8 in Ice Magic
 20092 | D:13     | Reached skill level 1 in Armour
 20179 | D:12     | Noticed Rupert
 20193 | D:12     | Reached XP level 16. HP: 98/98 MP: 30/30
 20200 | D:12     | Killed Rupert
 20201 | D:12     | Reached skill level 2 in Armour
 20865 | D:12     | Noticed Maurice
 20871 | D:12     | Killed Maurice
 21543 | D:13     | Found a gate to the Vaults.
 21684 | D:14     | Reached skill level 3 in Armour
 21763 | D:14     | Reached skill level 11 in Fighting
 21933 | D:14     | Reached skill level 13 in Dodging
 21937 | D:14     | Found a hazy altar of Hepliaklqana.
 22253 | D:15     | Found a staircase to the Depths.
 22703 | Depths:1 | Entered Level 1 of the Depths
 22801 | Depths:1 | Found a blossoming altar of Fedhas.
 22894 | Depths:1 | Noticed an iron dragon
 22912 | Depths:1 | Noticed a tengu reaver
 22913 | Depths:1 | Reached skill level 4 in Armour
 22921 | Depths:1 | Killed an iron dragon
 22924 | Depths:1 | Killed a tengu reaver
 23258 | Snake:1  | Entered Level 1 of the Snake Pit
 23277 | Snake:1  | HP: 4/101 [naga/+0 trident (24)]
 23389 | Snake:1  | Reached skill level 1 in Shields
 23780 | Snake:1  | Reached skill level 5 in Armour
 23783 | Snake:1  | Reached skill level 12 in Fighting
 23784 | Snake:1  | Reached skill level 2 in Shields
 23904 | Snake:1  | Noticed Aizul
 23913 | Snake:1  | Killed Aizul
 23914 | Snake:1  | Reached skill level 14 in Dodging
 24170 | Snake:1  | Found a runed translucent door.
 24176 | Snake:1  | Noticed Taiq's ghost (adept OgIE)
 24181 | Snake:1  | Killed Taiq's ghost
 24246 | Snake:2  | Reached XP level 17. HP: 87/106 MP: 31/31
 24286 | Snake:2  | Reached skill level 3 in Shields
 24382 | Snake:2  | Found a transporter.
 24383 | Snake:2  | Found a transporter.
 24407 | Snake:2  | Noticed Vashnia
 24412 | Snake:2  | Found a transporter.
 24412 | Snake:2  | Found a transporter.
 25006 | Snake:2  | Reached skill level 4 in Shields
 25146 | Snake:2  | Found Juereix's Book Shoppe.
 25146 | Snake:2  | Found Suryw's Antique Armour Emporium.
 25148 | Snake:2  | Found Imauvayf's Antique Weapon Shoppe.
 25153 | Snake:2  | Bought a smelly scale mail for 261 gold pieces
 25153 | Snake:2  | Identified the +5 scale mail of Sahicyrph {+Blink rElec
                  | Will+ Str-2} (You bought it in a shop on level 2 of the
                  | Snake Pit)
 25160 | Snake:2  | Bought a dazzling sling for 227 gold pieces
 25160 | Snake:2  | Identified the +3 sling "Oqeherchi" {drain, rElec rCorr
                  | Str-3} (You bought it in a shop on level 2 of the Snake
                  | Pit)
 25204 | Snake:2  | Killed Vashnia
 25205 | Snake:2  | HP: 10/108 [naga sharpshooter/bolt[Vashnia] (25)]
 25219 | Snake:2  | Found a transporter.
 25219 | Snake:2  | Found a transporter.
 25394 | Snake:2  | Noticed Kirke
 25401 | Snake:2  | Killed Kirke
 25402 | Snake:2  | Reached skill level 13 in Fighting
 25577 | Snake:2  | Reached skill level 15 in Dodging
 25805 | Snake:3  | Found a hazy altar of Hepliaklqana.
 25901 | Snake:3  | Reached skill level 5 in Shields
 26009 | Snake:3  | HP: 10/109 [nagaraja/+0 spear (29)]
 26012 | Snake:3  | HP: 1/109 [nagaraja/poison arrow (17)]
 26258 | Snake:3  | Noticed Asterion
 26269 | Snake:3  | Killed Asterion
 26510 | Snake:3  | Noticed Louise
 26516 | Snake:3  | Killed Louise
 26741 | Snake:3  | Found Jotzifis's Assorted Antiques.
 26749 | Snake:3  | Found Jaoke's Antique Armour Shop.
 26804 | Snake:3  | Noticed Bai Suzhen
 26808 | Snake:3  | Killed Bai Suzhen
 26809 | Snake:3  | Reached skill level 6 in Shields
 27197 | Snake:4  | Entered Level 4 of the Snake Pit
 27226 | Snake:4  | Reached skill level 14 in Fighting
 27226 | Snake:4  | Reached skill level 16 in Dodging
 27231 | Snake:4  | Reached XP level 18. HP: 93/116 MP: 26/32
 27528 | Snake:4  | Reached skill level 7 in Shields
 27850 | Snake:4  | Reached skill level 8 in Shields
 27874 | Snake:4  | Identified the +0 pair of gloves of Resilience {rF+}
 27874 | Snake:4  | Noticed Nikola
 27906 | Snake:4  | Killed Nikola
 27926 | Snake:4  | Reached skill level 4 in Conjurations
 28258 | Snake:4  | Reached skill level 5 in Conjurations
 28332 | Snake:4  | Got a serpentine rune of Zot
 28600 | Swamp:1  | Entered Level 1 of the Swamp
 28607 | Swamp:1  | Reached skill level 15 in Short Blades
 28929 | Swamp:1  | You fall into a shaft and drop 1 floor!
 28943 | Swamp:2  | Reached skill level 17 in Dodging
 29257 | Swamp:2  | Reached XP level 19. HP: 121/121 MP: 33/33
 29924 | Swamp:3  | Reached skill level 9 in Shields
 29932 | Swamp:3  | Reached skill level 16 in Short Blades
 30027 | Swamp:3  | Identified the +1 pair of boots "Noneluef" {+Inv Int+5}
 30047 | Swamp:3  | Learned a level 5 spell: Fireball
 30191 | Swamp:3  | HP: 11/121 [tyrant leech (35)]
 30201 | Swamp:3  | Reached skill level 1 in Fire Magic
 30641 | Swamp:4  | Entered Level 4 of the Swamp
 30707 | Swamp:4  | Reached skill level 2 in Fire Magic
 30718 | Swamp:4  | Found a basalt altar of Yredelemnul.
 30781 | Swamp:4  | Reached skill level 6 in Conjurations
 31143 | Swamp:4  | Learned a level 4 spell: Leda's Liquefaction
 31522 | Swamp:4  | Reached skill level 3 in Fire Magic
 31721 | Swamp:4  | Reached skill level 18 in Dodging
 31787 | Swamp:4  | Got a decaying rune of Zot
 32439 | Depths:1 | Found a gateway to Hell.
 32530 | Depths:1 | Reached skill level 4 in Fire Magic
 32599 | Depths:1 | Reached skill level 7 in Conjurations
 32617 | Depths:1 | Found a one-way gateway to a ziggurat.
 32627 | Depths:1 | Noticed a lich
 32637 | Depths:1 | Killed a lich
 32646 | Depths:1 | Reached skill level 10 in Shields
 32679 | Depths:1 | Noticed the Enchantress
 32690 | Depths:1 | Killed the Enchantress
 32691 | Depths:1 | Reached skill level 5 in Fire Magic
 32865 | Depths:1 | Reached XP level 20. HP: 121/127 MP: 34/34
 33009 | Depths:1 | Reached skill level 8 in Conjurations
 33018 | Depths:1 | Reached skill level 6 in Fire Magic
 33025 | Depths:1 | Learned a level 6 spell: Starburst
 33440 | Depths:1 | Reached skill level 7 in Fire Magic
 33688 | Depths:1 | Reached skill level 8 in Fire Magic
 34173 | Depths:2 | Found a sacrificial altar of Ru.
 34302 | Depths:2 | Noticed a golden dragon
 34320 | Depths:2 | Noticed a golden dragon
 34381 | Depths:2 | Found a shimmering altar of Xom.
 34381 | Depths:2 | Killed from afar by a blizzard demon

Illustrated notes

Levels and vault maps discovered:
D:1:      dpeg_arrival_yet_another_circle, layout_basic,
          shapermc_ecumenical_altar_mp_vishouse
D:2:      layout_rooms
D:3:      layout_rooms, ebering_ghost_sewer_d
D:4:      layout_cave_pods, lightli_ossuary_entry_decrepit_ruins, uniq_grinder,
          uniq_robin
D:5:      layout_rooms, mainiacjoe_overflow_boulevard, serial_bayou_ford_a,
          nicolae_concentric_dashed_squares_wild, abandoned_shop,
          chequers_serial_rivers_micro_d, minmay_misc_feat_plants,
          pf_guarded_unrand_delatra, uniq_ijyb
D:6:      layout_basic, minmay_temple_entry_poolview, gammafunk_ghost_split
D:7:      layout_cave_pools, kennysheep_generic_room_16, uniq_pikel, uniq_joseph
D:8:      layout_loops_cross, lair_entry_dummy
D:9:      layout_roguey, minmay_overflow_temple_hex, enter_bailey_2,
          gammafunk_ghost_stat_death, uniq_prince_ribbit1
D:10:     layout_cave_pools, kennysheep_potato
D:11:     layout_roguey, minmay_orc_entry_temple_small, minmay_misc_feat_tiny,
          uniq_fannar, uniq_sonja
D:12:     layout_basic, serial_aquarium, aquarium_bridge_square
          [aquarium_subvault_window, aquarium_subvault_window,
          aquarium_subvault_bridge, aquarium_subvault_wall],
          aquarium_bridge_square [aquarium_subvault_bridge,
          aquarium_subvault_wall, aquarium_subvault_window,
          aquarium_subvault_window], aquarium_window_1, aquarium_window_3,
          aquarium_view_2b, aquarium_pool_four, enter_trove_5, uniq_maurice,
          uniq_azrael, uniq_snorg, uniq_rupert
D:13:     layout_roguey, david_vaults_4
D:14:     layout_roguey, hangedman_abyss_or_decor_stagger,
          nicolae_hepliaklqana_hippocampus
D:15:     grunt_enter_depths_hoard, layout_basic
Temple:   nicolae_temple_no_exploring_needed
Lair:1:   layout_long_grid
Lair:2:   layout_cellular_growth, minmay_swamp_entry_wisps
Lair:3:   layout_gridlike, minmay_snake_entry_guardpost_small,
          infiniplex_staircase_pool_2
Lair:4:   layout_small_grid, hangedman_tree_tricks,
          nicolae_lair_run_with_the_wolves
Lair:5:   cheibrodos_lair_end_hotspot, layout_concentric_octagons,
          dpeg_slime_entry_corner, nicolae_quartered_pool_impasse,
          dreamdust_deal_with_the_devil, small_statue_intersection,
          serial_bayou_pond_a, serial_bayou_shore_b
Swamp:1:  layout_falls_marsh, hangedman_swamp_ruin_hall
Swamp:2:  layout_falls_marsh, evilmike_swamp_ruin_rubble_2, swamp_pool3,
          nicolae_swamp_alligator_family
Swamp:3:  layout_falls_marsh, evilmike_swamp_ruin_house_6, swamp_pool4,
          nicolae_swamp_hydra_murder_den
Swamp:4:  swamp_icy, layout_basic_swamp, grunt_ruined_hall
Snake:1:  layout_grid_shapes, ebering_ghost_reflecting_pool,
          nicolae_snake_single_loop, grunt_ministairs_10, drop_trap,
          st_stairs_10, serial_bayou_shore_b, uniq_aizul
Snake:2:  layout_layer_cave, serial_nicolae_subway, nicolae_sub_station_crystal,
          nicolae_sub_station_metal, nicolae_sub_station_stone,
          minmay_shop_star, uniq_kirke, uniq_vashnia
Snake:3:  layout_chambers, basic_altar, minmay_shoptagon, grunt_megastairs_4,
          uniq_louise, uniq_asterion, uniq_bai_suzhen
Snake:4:  minmay_snake_end_coiled, layout_misc_corridors, serial_bayou_shore_b,
          uniq_nikola
Orc:1:    cheibrodos_orc_bank, layout_diamond_mine, uniq_jorgrun
Orc:2:    grunt_orc_gardens, layout_diamond_mine, grunt_orc_garden,
          grunt_orc_garden, grunt_orc_garden, grunt_orc_garden, serial_shops,
          nicolae_shop_window_shopping, nicolae_shop_stone,
          nicolae_shop_waterfront, basic_altar, uniq_nessos
Depths:1: layout_honeycomb, enter_ziggurat_e, grunt_mini_vestibule,
          fedhas_altar_1, hellmonk_scarab_ruin, grunt_megastairs_3,
          serial_bayou_shore_b, uniq_enchantress
Depths:2: grunt_profane_halls [grunt_profane_temple_coc,
          grunt_profane_temple_dis, grunt_profane_temple_geh,
          grunt_profane_temple_tar, grunt_profane_loot], hell_entry, pan_entry

Skill      XL: |  1  2  3  4  5  6  7  8  9 10 11 12 13 14 15 16 17 18 19 20 |
---------------+-------------------------------------------------------------+-----
Short Blades   | 2 3 4 5 6 9 10 13 14 15 16 | 16.0
Ice Magic      | 1 2 3 4 5 8 |  8.0
Dodging        | 3 5 6 8 9 10 11 12 14 16 17 18 | 18.0
Invocations    | 1 2 3 4 5 6 8 9 10 11 12 | 12.8
Stealth        | 5 6 7 9 10 12 13 14 | 14.0
Air Magic      | 1 2 3 |  3.0
Spellcasting   | 3 4 5 6 7 8 10 | 10.8
Conjurations   | 1 2 3 5 7 8 |  8.0
Poison Magic   | 1 2 3 |  3.0
Summonings     | 1 |  1.0
Fighting       | 4 5 6 8 10 12 14 | 14.0
Hexes          | 4 5 8 |  8.0
Armour         | 1 5 |  5.0
Shields        | 2 6 8 10 | 10.0
Fire Magic     | 5 8 |  8.0

Action                   |  1- 3 |  4- 6 |  7- 9 | 10-12 | 13-15 | 16-18 | 19-21 || total
-------------------------+-------+-------+-------+-------+-------+-------+-------++-------
Melee: Dagger            |   172 |   250 |   220 |   157 |       |       |       ||   799
       Punch             |     1 |     6 |     1 |     6 |    12 |     1 |       ||    27
       Headbutt          |       |    25 |    39 |    46 |   126 |   229 |   129 ||   594
       Rapier            |       |       |       |   186 |   520 |   799 |   432 ||  1937
Throw: Dart              |       |     2 |       |       |       |       |       ||     2
       Throwing net      |       |     1 |       |       |       |       |       ||     1
       Boomerang         |       |       |       |     5 |       |       |       ||     5
 Cast: Ensorcelled Hiber |     3 |    34 |    49 |    98 |    80 |     2 |       ||   266
       Call Imp          |       |       |     5 |     2 |       |       |       ||     7
       Mephitic Cloud    |       |       |     3 |     5 |    18 |    20 |     7 ||    53
       Dazzling Flash    |       |       |     1 |     5 |     6 |    51 |    83 ||   146
       Poisonous Vapours |       |       |       |     2 |       |       |       ||     2
       Frozen Ramparts   |       |       |       |       |     1 |     4 |     1 ||     6
       Cause Fear        |       |       |       |       |     5 |     2 |     1 ||     8
Invok: Wall of Briars    |       |     3 |     7 |     3 |       |     1 |     3 ||    17
       Grow Oklob        |       |       |       |       |     5 |     4 |     7 ||    16
Evoke: Wand              |       |       |       |     7 |       |       |    24 ||    31
  Use: Potion            |       |     3 |     2 |       |     2 |     6 |     4 ||    17
       Scroll            |       |     1 |    11 |    13 |     4 |     9 |     7 ||    45
 Stab: Sleeping          |     9 |    28 |    37 |    96 |    67 |    12 |     7 ||   256
       Distracted        |     2 |       |     2 |     1 |    14 |    15 |    12 ||    46
       Confused          |       |       |     3 |    10 |    16 |     3 |     1 ||    33
       Invisible         |       |       |       |     3 |     8 |    30 |    33 ||    74
Armor: Robe              |    40 |    62 |    58 |    60 |    32 |       |       ||   252
       Leather armour    |       |       |       |       |    28 |   112 |    72 ||   212
Dodge: Dodged            |   121 |   263 |   211 |   319 |   387 |   558 |   387 ||  2246
Block: Buckler           |       |       |       |       |       |   243 |   203 ||   446

Table legend: (Time is in decaauts)
 A = Elapsed time spent in this place.
 B = Non-inter-level travel time spent in this place.
 C = Inter-level travel time spent in this place.
 D = Time resting spent in this place.
 E = Time spent auto-exploring this place.
 F = Levels seen in this place.
 G = Mean time per level.
                   A        B        C        D        E       F      G
               +--------+--------+--------+--------+--------+-----+--------+
         Total |  33717 |  31871 |   1846 |   4321 |   9056 |  35 |  963.3 |
       Dungeon |  15139 |  14274 |    865 |   2123 |   3728 |  15 | 1009.3 |
        Temple |      1 |      1 |      0 |      0 |      0 |   1 |    1.0 |
          Lair |   5179 |   4923 |    256 |    456 |   1542 |   5 | 1035.8 |
         Swamp |   3438 |   3255 |    183 |    382 |   1395 |   4 |  859.5 |
     Snake Pit |   5263 |   4797 |    466 |    722 |   1057 |   4 | 1315.8 |
  Orcish Mines |   1619 |   1558 |     61 |     86 |    564 |   2 |  809.5 |
        Depths |   2051 |   2037 |     14 |    273 |    708 |   2 | 1025.5 |
       Ossuary |    315 |    315 |      0 |     82 |      0 |   1 |  315.0 |
        Bailey |    709 |    709 |      0 |    197 |     59 |   1 |  709.0 |
               +--------+--------+--------+--------+--------+-----+--------+

Top non-repeatable levels by time:
Depths:1: 1697 daAuts
 Snake:2: 1584 daAuts
     D:4: 1485 daAuts
     D:6: 1443 daAuts
    D:12: 1404 daAuts
 Snake:3: 1390 daAuts
  Lair:5: 1313 daAuts
 Swamp:4: 1276 daAuts
 Snake:4: 1255 daAuts
    D:15: 1173 daAuts
  Lair:4: 1132 daAuts
     D:5: 1089 daAuts
     D:3: 1070 daAuts
     D:9: 1034 daAuts
 Snake:1: 1033 daAuts
